Map: Royal Blood LE

Players

ShaDoWn - Winner!

  • Race: Protoss Protoss
  • Spawn Location: 7:00

NightMare

  • Race: Protoss Protoss
  • Spawn Location: 1:00

Event: ESL SC2 Masters 2023 Summer (Finals)

VOD

Have the link to the VOD?

Description

Time

  • Played on: June 16, 2023, 8:57 a.m.
  • Length: 21:40

All games in this series

Show
View Real Time Build Order
Export as new Build Order

ShaDoWn Protoss - Winner!

Build Orders:  

Get SALT Encoding   

  12  0:00  Probe  
  13  0:12  Probe  
  14  0:17  Pylon  
  14  0:24  Probe (Chrono Boost)  
  15  0:36  Gateway  
  15  0:37  Probe (Chrono Boost)  
  16  0:44  Probe (Chrono Boost)  
  16  0:46  Assimilator  
  17  0:51  Probe  
  17  0:54  Assimilator  
  18  1:03  Probe (Chrono Boost)  
  19  1:07  Gateway  
  19  1:12  Probe (Chrono Boost)  
  19  1:17  Probe (Chrono Boost)  
  20  1:22  Cybernetics Core  
  21  1:29  Probe  
  22  1:34  Pylon  
  22  1:41  Probe  
  23  1:53  Probe  
  24  1:56  Warp Gate (Chrono Boost)  
  24  1:59  Stalker  
  26  2:04  Sentry  
  26  2:05  Probe  
  29  2:11  Pylon  
  29  2:18  Probe  
  30  2:29  Stalker  
  32  2:43  Nexus  
  32  2:47  Sentry  
  32  2:50  Probe  
  35  2:54  Pylon  
  35  2:59  Sentry  
  35  3:02  Probe  
  38  3:08  Pylon  
  38  3:14  Probe  
  39  3:23  Twilight Council  
  39  3:26  Probe  
  40  3:30  Shield Battery  
  40  3:37  Stalker  
  40  3:38  Stalker  
  40  3:41  Probe  
  45  3:53  Probe  
  46  4:01  Shield Battery  
  46  4:02  Stalker  
  48  4:05  Probe  
  46  4:14  Dark Shrine, Probe (Chrono Boost)  
  45  4:17  Probe (Chrono Boost)  
  46  4:24  Blink (Chrono Boost)  
  46  4:26  Probe (Chrono Boost)  
  46  4:29  Probe (Chrono Boost)  
  46  4:31  Assimilator  
  48  4:34  Probe (Chrono Boost)  
  48  4:35  Probe (Chrono Boost)  
  50  4:40  Probe  
  50  4:42  Shield Battery  
  50  4:43  Probe  
  52  4:49  Pylon, Stalker  
  55  4:52  Probe  
  55  4:59  Shield Battery  
  55  5:01  Probe, Stalker  
  55  5:04  Probe, Shield Battery  
  59  5:14  Probe, Stalker  
  60  5:19  Probe, Shield Battery  
  63  5:25  Gateway, Assimilator  
  63  5:26  Dark Templar  
  63  5:28  Probe  
  66  5:31  Pylon  
  67  5:35  Probe  
  67  5:38  Robotics Facility  
  67  5:50  Stalker  
  67  5:51  Probe  
  67  5:54  Nexus  
  67  5:57  Probe  
  64  6:10  Probe  
  65  6:12  Stalker  
  65  6:13  Probe  
  68  6:20  Stalker x2  
  68  6:23  Probe  
  68  6:25  Probe, Pylon  
  74  6:27  Observer (Chrono Boost)  
  75  6:35  Probe  
  75  6:37  Probe  
  77  6:40  Pylon  
  77  6:45  Stalker x3  
  77  6:46  Shield Battery  
  83  6:47  Probe  
  83  6:49  Probe, Pylon  
  85  6:54  Observer  
  85  6:57  Pylon  
  85  7:00  Charge  
  86  7:02  Probe x2 (Chrono Boost)  
  86  7:05  Probe (Chrono Boost)  
  88  7:09  Forge  
  88  7:11  Observer  
  88  7:12  Stalker  
  88  7:14  Probe (Chrono Boost)  
  94  7:15  Probe x2 (Chrono Boost)  
  94  7:18  Probe (Chrono Boost)  
  94  7:21  Probe  
  95  7:23  Probe  
  95  7:24  Assimilator  
  95  7:28  Probe  
  98  7:30  Stalker x2  
  98  7:34  Shadow Stride (Chrono Boost)  
  98  7:36  Protoss Ground Weapons Level 1 (Chrono Boost)  
  104  7:40  Gateway  
  104  7:41  Gateway  
  102  7:46  Stalker  
  102  7:48  Observer  
  104  7:57  Stalker x2  
  108  7:58  Gateway  
  108  8:06  Gateway  
  108  8:11  Zealot  
  110  8:14  Gateway, Observer  
  111  8:20  Observer  
  111  8:22  Zealot x2  
  111  8:26  Observer  
  115  8:28  Pylon  
  114  8:34  Nexus  
  114  8:35  Pylon  
  114  8:37  Dark Templar x3  
  120  8:43  Dark Templar  
  120  8:44  Zealot  
  124  8:49  Pylon, Photon Cannon  
  124  8:57  Zealot  
  124  8:58  Probe  
  124  9:01  Probe  
  128  9:05  Zealot x2  
  128  9:06  Probe  
  133  9:12  Zealot x4  
  133  9:16  Pylon  
  143  9:18  Shield Battery  
  143  9:19  Photon Cannon  
  143  9:23  Dark Templar x2  
  144  9:31  Dark Templar  
  144  9:35  Zealot x2  
  144  9:36  Zealot x3  
  155  9:39  Archon  
  155  9:41  Probe  
  155  9:45  Probe  
  152  9:52  Pylon  
  150  9:53  Probe  
  150  9:59  Zealot x7  
  127  10:22  Stalker x7  
  133  10:33  Nexus  
  113  10:42  Protoss Ground Weapons Level 2 (Chrono Boost)  
  113  10:46  Probe  
  108  10:50  Dark Templar x4  
  117  10:58  Observer  
  117  10:59  Stalker  
  117  11:00  Stalker  
  121  11:07  Stalker x2  
  125  11:18  Probe  
  126  11:23  Stalker x5  
  136  11:26  Probe  
  137  11:35  Probe  
  137  11:36  Shield Battery  
  138  11:40  Stalker x3  
  138  11:42  Observer  
  138  11:43  Photon Cannon  
  138  11:45  Probe x3  
  148  11:52  Stalker x2  
  152  11:58  Stalker x2  
  156  12:06  Observer  
  156  12:10  Observer  
  156  12:11  Stalker x4  
  156  12:12  Probe x2  
  167  12:16  Stalker x2  
  167  12:21  Pylon  
  170  12:23  Stalker x2  
  174  12:31  Protoss Ground Weapons Level 3 (Chrono Boost)  
  174  12:35  Gateway  
  174  12:37  Stalker x3  
  180  12:52  Stalker x4  
  188  13:04  Nexus  
  188  13:09  Photon Cannon  
  186  13:12  Photon Cannon  
  186  13:15  Stalker x2  
  188  13:20  Shield Battery  
  188  13:31  Photon Cannon  
  188  13:34  Robotics Bay  
  188  13:36  Pylon  
  188  13:45  Pylon  
  186  13:52  Pylon x2  
  186  13:57  Robotics Facility  
  186  13:59  Assimilator  
  186  14:00  Assimilator  
  186  14:10  Observer, Stalker x7  
  186  14:14  Observer  
  199  14:28  Photon Cannon  
  199  14:29  Photon Cannon  
  199  14:38  Gravitic Boosters  
  199  14:40  Observer  
  199  14:44  Protoss Shields Level 1 (Chrono Boost)  
  199  14:46  Gateway x2  
  199  14:49  Gateway  
  199  14:51  Gateway  
  199  14:54  Pylon  
  199  14:58  Photon Cannon x2  
  199  14:59  Photon Cannon  
  197  15:09  Disruptor  
  198  15:16  Observer  
  192  15:24  Disruptor (Chrono Boost)  
  195  15:34  Photon Cannon x2  
  195  15:45  Stalker x2  
  195  15:51  Disruptor (Chrono Boost)  
  198  15:59  Pylon  
  198  16:07  Stalker  
  198  16:09  Assimilator  
  194  16:21  Disruptor  
  194  16:22  Observer  
  179  16:28  Stalker x4  
  179  16:29  Stalker x6  
  195  16:34  Disruptor  
  195  16:38  Dark Templar x3  
  192  16:56  Probe  
  180  17:05  Stalker x10  
  180  17:06  Disruptor (Chrono Boost)  
  179  17:12  Disruptor (Chrono Boost), Zealot x3  
  172  17:31  Stalker x7  
  172  17:32  Zealot x6  
  172  17:35  Disruptor  
  197  17:41  Disruptor  
  179  17:59  Zealot x4  
  179  18:00  Zealot x9  
  191  18:10  Nexus  
  192  18:17  Observer  
  192  18:18  Disruptor (Chrono Boost)  
  193  18:22  Observer (Chrono Boost)  
  193  18:27  Zealot x5, Stalker x2  
  190  18:29  Nexus  
  192  18:34  Disruptor (Chrono Boost)  
  171  18:41  Pylon  
  171  18:47  Observer  
  157  18:48  Zealot x4  
  157  18:49  Zealot x7  
  157  18:50  Probe  
  157  18:53  Stalker x2  
  176  18:58  Pylon  
  176  19:09  Observer, Stalker x6  
  187  19:29  Disruptor (Chrono Boost)  
  188  19:37  Stalker x6  
  195  19:44  Shield Battery  
  195  19:45  Photon Cannon  
  181  20:09  Pylon  
  181  20:11  Pylon  
  168  20:19  Pylon  
  152  20:37  Observer  
  152  20:41  Stalker x5  
  152  20:42  Stalker x4  
  151  21:04  Stalker x2  
  151  21:32  Pylon  
  150  21:33  Pylon  
Show
View Real Time Build Order
Export as new Build Order

NightMare Protoss 

Build Orders: Blink Stalkers 

Get SALT Encoding   

  12  0:00  Probe  
  13  0:12  Probe  
  14  0:17  Pylon  
  14  0:24  Probe (Chrono Boost)  
  15  0:36  Probe (Chrono Boost)  
  15  0:37  Gateway  
  16  0:45  Probe (Chrono Boost)  
  16  0:46  Assimilator  
  17  0:51  Probe  
  17  0:54  Assimilator  
  18  1:03  Probe (Chrono Boost)  
  19  1:07  Gateway  
  19  1:12  Probe (Chrono Boost)  
  19  1:17  Probe (Chrono Boost)  
  21  1:25  Cybernetics Core  
  21  1:29  Probe  
  22  1:35  Pylon  
  22  1:41  Probe  
  23  1:53  Probe  
  24  2:02  Adept x2  
  24  2:03  Warp Gate  
  24  2:06  Pylon  
  28  2:32  Stalker x2  
  32  2:46  Twilight Council  
  32  3:02  Stalker x2  
  32  3:04  Pylon  
  36  3:19  Nexus  
  36  3:22  Probe  
  36  3:25  Blink (Chrono Boost)  
  37  3:35  Probe  
  38  3:47  Probe  
  39  3:53  Stalker x2  
  43  3:59  Probe  
  42  4:11  Probe (Chrono Boost)  
  37  4:19  Stalker x2  
  37  4:23  Probe (Chrono Boost)  
  42  4:27  Robotics Facility  
  42  4:30  Probe (Chrono Boost)  
  43  4:33  Probe (Chrono Boost)  
  44  4:43  Probe x2 (Chrono Boost), Sentry  
  44  4:45  Stalker  
  50  4:50  Probe (Chrono Boost)  
  50  4:51  Probe (Chrono Boost)  
  52  5:00  Pylon  
  52  5:03  Probe x2  
  54  5:09  Stalker  
  54  5:11  Stalker  
  58  5:15  Gateway, Observer  
  58  5:18  Probe  
  58  5:21  Probe  
  61  5:22  Assimilator  
  61  5:30  Probe  
  61  5:33  Probe, Pylon  
  63  5:40  Nexus  
  63  5:43  Stalker  
  63  5:48  Stalker  
  67  5:50  Probe  
  67  5:51  Probe  
  69  6:01  Shield Battery  
  69  6:03  Probe  
  70  6:09  Pylon  
  70  6:10  Stalker x2  
  70  6:13  Stalker  
  72  6:19  Charge  
  72  6:20  Probe (Chrono Boost), Forge  
  72  6:22  Probe (Chrono Boost)  
  74  6:26  Observer (Chrono Boost)  
  74  6:31  Probe (Chrono Boost)  
  74  6:32  Probe (Chrono Boost)  
  77  6:36  Probe (Chrono Boost)  
  77  6:37  Probe (Chrono Boost)  
  79  6:45  Immortal (Chrono Boost), Pylon  
  83  6:50  Probe x2, Protoss Ground Weapons Level 1 (Chrono Boost)  
  83  6:52  Probe  
  83  6:53  Stalker  
  88  7:00  Gateway  
  88  7:02  Probe x2  
  88  7:04  Gateway  
  88  7:06  Probe  
  91  7:09  Gateway  
  91  7:16  Immortal (Chrono Boost), Gateway  
  95  7:23  Gateway  
  95  7:31  Zealot x2  
  95  7:33  Pylon, Zealot  
  95  7:36  Probe x3  
  104  7:45  Immortal (Chrono Boost)  
  104  7:46  Pylon, Assimilator  
  108  7:56  Zealot x4  
  116  8:03  Nexus  
  116  8:10  Pylon  
  116  8:16  Templar Archives  
  116  8:17  Warp Prism  
  118  8:23  Zealot x3  
  118  8:26  Pylon  
  124  8:28  Pylon  
  124  8:29  Pylon, Observer  
  124  8:33  Photon Cannon  
  124  8:35  Photon Cannon  
  124  8:37  Protoss Ground Weapons Level 2 (Chrono Boost)  
  124  8:45  Pylon  
  124  8:52  Zealot x4  
  132  8:56  Pylon  
  132  9:00  Photon Cannon  
  132  9:01  High Templar x2  
  132  9:02  High Templar  
  138  9:03  High Templar  
  138  9:07  Pylon  
  138  9:08  Archon  
  138  9:09  Archon  
  140  9:13  Gateway  
  140  9:20  Observer  
  140  9:25  High Templar x2, Zealot x2  
  140  9:29  Pylon  
  140  9:30  Archon  
  148  9:34  Zealot x3  
  148  9:35  Zealot  
  153  9:39  Observer (Chrono Boost)  
  141  9:49  Zealot x2  
  130  9:55  Zealot x4  
  117  10:00  Zealot x2  
  117  10:01  Probe x3  
  117  10:02  Probe  
  117  10:16  Zealot x3  
  117  10:21  Zealot x2  
  117  10:24  Probe x2  
  78  10:45  Probe x4  
  78  10:51  Pylon  
  78  10:56  High Templar x2  
  82  10:57  Probe (Chrono Boost), Zealot x2  
  82  11:02  Observer, Archon  
  82  11:03  Probe (Chrono Boost)  
  82  11:04  Probe x2 (Chrono Boost)  
  90  11:09  Probe (Chrono Boost)  
  91  11:13  Probe x3 (Chrono Boost)  
  91  11:15  Zealot x2  
  98  11:25  Probe x4  
  102  11:29  Dark Shrine  
  102  11:34  Stalker x2  
  102  11:37  Probe (Chrono Boost)  
  102  11:38  Probe x2 (Chrono Boost)  
  102  11:39  Probe (Chrono Boost)  
  108  11:52  Probe x4 (Chrono Boost)  
  112  11:58  Probe x4 (Chrono Boost)  
  112  12:00  Shield Battery  
  116  12:01  High Templar  
  116  12:02  High Templar  
  116  12:05  Zealot x4  
  128  12:08  Archon  
  128  12:10  Probe x3  
  128  12:11  Probe  
  132  12:16  Shield Battery  
  132  12:18  Assimilator  
  132  12:22  Probe x2, Photon Cannon  
  133  12:23  Probe x2  
  133  12:26  Photon Cannon  
  136  12:42  Stalker x6  
  136  12:43  Dark Templar  
  144  12:52  Dark Templar, Stalker  
  144  12:55  Probe x3  
  144  12:56  Pylon  
  151  12:59  Assimilator  
  149  13:07  Stalker x4  
  155  13:15  Stalker x2  
  155  13:17  Probe x3, Assimilator  
  162  13:24  Stalker x3  
  166  13:32  Gateway  
  166  13:34  Stalker x3  
  166  13:37  Stalker  
  174  13:45  Stalker  
  174  13:46  Stalker  
  178  13:51  Assimilator  
  178  13:53  Stalker x3  
  178  13:54  Observer  
  184  14:01  Nexus  
  184  14:07  Stalker x4  
  192  14:11  Observer  
  192  14:12  Stalker  
  192  14:14  Pylon  
  194  14:18  Stalker  
  189  14:30  Photon Cannon  
  188  14:37  Dark Templar x2  
  188  14:42  Stalker x4  
  196  14:46  Shadow Stride (Chrono Boost)  
  196  14:49  Pylon  
  196  14:58  Protoss Ground Weapons Level 3 (Chrono Boost)  
  196  15:07  Probe x4  
  200  15:18  Observer  
  198  15:25  Pylon  
  196  15:29  Observer  
  196  15:32  Nexus, Photon Cannon  
  196  15:33  Photon Cannon  
  196  15:35  Photon Cannon  
  196  15:36  Photon Cannon  
  196  15:38  Pylon  
  196  15:43  Observer  
  196  15:44  Nexus  
  194  15:51  Stalker x3  
  200  15:58  Robotics Facility, Robotics Bay  
  200  16:02  Shield Battery  
  200  16:05  Shield Battery  
  200  16:06  Shield Battery  
  200  16:10  Observer (Chrono Boost)  
  196  16:13  Stalker x2  
  184  16:27  Stalker x6  
  185  16:36  Pylon  
  185  16:43  Photon Cannon  
  185  16:44  Disruptor x2 (Chrono Boost)  
  185  16:46  Stalker x4  
  193  16:51  Stalker  
  179  17:03  Dark Templar x4  
  168  17:10  Zealot  
  168  17:14  Probe  
  168  17:15  Probe x2  
  169  17:23  Disruptor x2 (Chrono Boost)  
  175  17:34  Observer, Stalker x3  
  181  17:40  Assimilator  
  172  17:57  Stalker x5  
  170  18:03  Stalker  
  167  18:16  Probe x3  
  167  18:17  Probe  
  167  18:33  Dark Templar x3  
  170  18:37  Observer  
  168  18:42  Zealot x4  
  168  18:44  Observer  
  166  18:49  Probe x4  
  170  18:57  Pylon  
  170  19:00  Stalker x2  
  168  19:05  Observer x2  
  128  19:30  Dark Templar x2  
  128  19:31  Dark Templar x2  
  132  19:37  Observer  
  119  19:46  Stalker  
  114  19:53  Observer  
  108  20:02  Dark Templar x2  
  90  20:48  Observer  
  84  21:02  Zealot  
  77  21:28  Dark Templar  
Tags
 
Add a new tag
Caveats
  • Supply blocks, unpowered buildings, or Contaminate may cause inaccurate times.
  • Supply counts are checked every 10 seconds.